 Dungeon Crawl Stone Soup version 0.29.1-12-g30fa7ad0bf (webtiles) character file.

Game seed: 15549360406052438858

381 Radix the Digger (level 6, -1/32 HPs)
             Began as a Gargoyle Earth Elementalist on Jan 4, 2023.
             Slain by an adder (3 damage)
             ... in a sewer.
             The game lasted 00:22:22 (3404 turns).

Radix the Digger (Gargoyle Earth Elementalist)      Turns: 3404, Time: 00:22:22

Health: -1/32      AC: 11    Str: 11    XL:     6   Next: 75%
Magic:  7/13       EV:  8    Int: 21    God:
Gold:   100        SH:  5    Dex:  8    Spells: 13/14 levels left

rFire   + . .      SeeInvis +   i - staff of fire
rCold   . . .      Faith    .   (no shield)
rNeg    + . .      Spirit   .   a - +0 robe
rPois   ∞          Reflect  +   m - +2 helmet {Int+3}
rElec   +          Harm     .   (no cloak)
rCorr   .          Rampage  .   (no gloves)
Will    .....                   (no boots)
Stlth   ++........              l - amulet of reflection
HPRegen 0.10/turn               (no ring)
MPRegen 0.13/turn               (no ring)

@: mighty, about to teleport, constricted
A: sickness immunity, AC +4, negative energy resistance 1, electricity
resistance, torment resistance 1, petrification resistance, iridescent scales 1,
see invisible, clumsy 1, deterioration 1
a: no special abilities


You were in a sewer.
You visited 1 branch of the dungeon, and saw 3 of its levels.
You also visited: Sewer.

You collected 100 gold pieces.

Inventory:

Hand Weapons
 g - a +0 dagger
 k - a +3 short sword of venom
Missiles
 d - 6 poisoned darts
Armour
 a - a +0 robe (worn)
 m - a +2 helmet of intelligence (worn)
 o - a +2 tower shield
Magical Staves
 i - a staff of fire (weapon)
Jewellery
 l - an amulet of reflection (around neck)
Scrolls
 h - 2 scrolls of identify
 j - a scroll of enchant armour {unknown}
 n - a scroll of teleportation
 p - a scroll of poison {unknown}
Potions
 b - a potion of magic
 c - a potion of might
 e - a potion of curing {unknown}
 f - a potion of mutation
 q - a potion of haste {unknown}
 r - 2 potions of heal wounds {unknown}
 s - a potion of resistance {unknown}
 t - a potion of invisibility {unknown}


   Skills:
 - Level 1.5 Dodging
 - Level 2.1 Stealth
 + Level 4.7 Spellcasting
 - Level 0.7 Transmutations
 + Level 6.7 Earth Magic


You had 13 spell levels left.
You knew the following spells:

 Your Spells              Type           Power      Damage    Failure   Level
a - Sandblast             Erth           66%        2d15      1%          1

Your spell library contained the following spells:

 Spells                   Type           Power      Damage    Failure   Level
 Passwall                 Tmut/Erth      16%        N/A       3%          2
 Stone Arrow              Conj/Erth      38%        3d9       9%          3
 Petrify                  Tmut/Erth      20%        N/A       24%         4


Dungeon Overview and Level Annotations

Branches:
Dungeon (3/15)              Sewer (1/1)

Altars:
Elyvilon
Okawaru
Qazlal
Ru
Wu Jian


Innate Abilities, Weirdness & Mutations

You are immune to sickness and miasma.
Your stone body is resilient. (AC +4)
You are immune to poison.
You resist negative energy. (rN+)
You are resistant to electric shocks. (rElec)
You are resistant to unholy torment.
You are immune to petrification.
You are partially covered in iridescent scales. (AC +2)
You have supernaturally acute eyesight. (SInv)
You are clumsy. (Dex -2)
Your body sometimes deteriorates upon taking damage.


Message History

It is a scroll of identify.
c - 2 potions of might You block the adder's attack.
The adder bites you but does no damage.
The rat twitches its whiskers.
The rat bites you but does no damage.
The ball python bites you but does no damage.
The ball python constricts you.
You feel very mighty all of a sudden. The bullfrog hits you.
The adder barely misses you. The adder bites you.
The ball python loses its grip on you. The rat bites you but does no damage.
The bullfrog barely misses you.
The ball python bites you but does no damage.
The ball python grabs you. The ball python constricts you.
You barely miss the bullfrog. You block the adder's attack.
The ball python bites you but does no damage.
The bullfrog hits you. The rat bites you.
* * * LOW HITPOINT WARNING * * *
The adder bites you but does no damage. x2
The ball python bites you but does no damage.
The ball python constricts you.
The ball python bites you but does no damage.
The ball python closely misses you. The bullfrog hits you!
* * * LOW HITPOINT WARNING * * *
It was a potion of mutation.
You feel extremely strange.
You feel clumsy.
Your vision sharpens.
You feel yourself wasting away.
Iridescent scales grow over part of your body.
The adder barely misses you. x2; The rat closely misses you.
The bullfrog hits you but does no damage.
The ball python bites you but does no damage.
The ball python constricts you. You block the ball python's attack. x2
As you read the scroll of teleportation, it crumbles to dust.
You feel strangely unstable. The adder barely misses you.
You block the bullfrog's attack. The adder bites you but does no damage.
You block the ball python's attack. The ball python constricts you.
The rat barely misses you.
The ball python bites you but does no damage.
The ball python barely misses you.
The bullfrog hits you but does no damage.
The adder bites you but does no damage. The adder bites you.
You die...

+....# #....# ##.†.##
###################...†#
..~≈≈≈≈≈≈≈≈≈≈≈≈≈≈......#
.~~~~≈≈≈≈≈≈≈≈≈≈~~...†.##
.~≈~~~≈~l≈≈≈≈~~~~.....#
..~≈~~lSSF≈~~~≈~~~....#
≈~#r@S~≈≈~≈≈~....##
#≈≈≈≈SSS≈≈~≈≈≈~~..###
###################


You could see a bullfrog, 2 adders, 4 ball pythons, 2 frilled lizards and a rat.

Vanquished Creatures
  A bullfrog (Sewer)
  Natasha (D:2)
  Terence (D:2)
  Robin (D:2)
  13 adders
  3 river rats (Sewer)
  A worm (D:2)
  2 dart slugs (D:1)
  A bat (D:2)
  5 endoplasms
  A giant cockroach (D:2)
  13 goblins
  8 hobgoblins
  3 jackals (D:2)
  5 quokkas
  10 ball pythons
  11 frilled lizards
  7 kobolds
  32 rats
119 creatures vanquished.

Vanquished Creatures (others)
  6 plants (D:2)
6 creatures vanquished.

Grand Total: 125 creatures vanquished

Notes
Turn   | Place    | Note
-------+----------+-------------------------------------------
     0 | D:1      | Radix the Gargoyle Earth Elementalist began the quest for
                  | the Orb.
     0 | D:1      | Reached XP level 1. HP: 10/10 MP: 3/3
   178 | D:1      | Reached skill level 4 in Earth Magic
   178 | D:1      | Reached XP level 2. HP: 15/15 MP: 3/5
   642 | D:1      | Reached XP level 3. HP: 19/19 MP: 4/6
  1202 | D:2      | Reached XP level 4. HP: 24/24 MP: 3/8
  1203 | D:2      | Noticed Robin
  1224 | D:2      | Killed Robin
  1225 | D:2      | Reached skill level 5 in Earth Magic
  1751 | D:2      | Noticed Natasha
  1755 | D:2      | Killed Natasha
  1756 | D:2      | Reached XP level 5. HP: 24/28 MP: 5/10
  1779 | D:2      | Noticed Terence
  1785 | D:2      | Killed Terence
  1822 | D:2      | Found a sacrificial altar of Ru.
  2433 | D:3      | Found a sacrificial altar of Ru.
  2436 | D:3      | Found an iron altar of Okawaru.
  2436 | D:3      | Found a white marble altar of Elyvilon.
  2437 | D:3      | Found a stormy altar of Qazlal.
  2438 | D:3      | Found an ornate altar of the Wu Jian Council.
  2470 | D:3      | Found a glowing drain.
  2483 | Sewer    | Entered a sewer
  2544 | Sewer    | Reached skill level 6 in Earth Magic
  2820 | Sewer    | Reached XP level 6. HP: 32/32 MP: 3/12
  3403 | Sewer    | Gained mutation: You are clumsy. (Dex -2) [potion of
                  | mutation]
  3403 | Sewer    | Gained mutation: You have supernaturally acute eyesight.
                  | (SInv) [potion of mutation]
  3403 | Sewer    | Gained mutation: Your body sometimes deteriorates upon
                  | taking damage. [potion of mutation]
  3403 | Sewer    | Gained mutation: You are partially covered in iridescent
                  | scales. (AC +2) [potion of mutation]
  3404 | Sewer    | Slain by an adder

Illustrated notes

Levels and vault maps discovered:
D:1:      eino_arrival_druids_welcome, layout_basic, serial_forest,
          infiniplex_forest_clump_double, infiniplex_forest_end_1,
          infiniplex_forest_clump_curved, infiniplex_forest_lined_3,
          infiniplex_forest_end_2, infiniplex_forest_clump_curved,
          infiniplex_forest_end_1, st_stairs_10
D:2:      cheibrodos_old_hovel, layout_basic, basic_altar, uniq_robin,
          uniq_terence, uniq_natasha
D:3:      layout_loops_ring, grunt_temple_overflow_open, portal_sewer_entry_d,
          minivault_11, uniq_ijyb
Sewer:    sewer_minmay_w

Skill      XL: |  1  2  3  4  5 |
---------------+----------------+-----
Earth Magic    | 4 5 6 |  6.7
Spellcasting   | 3 4 |  4.7
Dodging        | |  1.5
Stealth        | |  2.1
Transmutations | |  0.7

Action                   |  1- 3 |  4- 6 || total
-------------------------+-------+-------++-------
Melee: Staff             |       |    54 ||    54
 Cast: Sandblast         |    40 |   101 ||   141
  Use: Scroll            |       |     3 ||     3
       Potion            |       |     2 ||     2
Armor: Robe              |     3 |   101 ||   104
Dodge: Dodged            |     4 |    78 ||    82
Block: Other             |       |    15 ||    15
       Tower shield      |       |   113 ||   113
